 Dungeon Crawl Stone Soup version 0.28.0 (webtiles) character file.

Game seed: 1905715950090957581

179 bande the Covered (level 5, 0/34 HPs)
             Began as a Gargoyle Fighter on Feb 16, 2022.
             Slain by an adder (3 damage)
             ... on level 4 of the Dungeon.
             The game lasted 00:06:19 (3669 turns).

bande the Covered (Gargoyle Fighter)                Turns: 3669, Time: 00:06:19

Health: 0/34       AC: 15    Str: 20    XL:     5   Next: 59%
Magic:  5/5        EV:  7    Int:  8    God:
Gold:   174        SH:  4    Dex: 11    Spells: 4/4 levels left

rFire   . . .      SeeInvis .   a - +1 war axe
rCold   . . .      Faith    .   c - +0 buckler
rNeg    + . .      Spirit   .   n - +1 chain mail {rPois}
rPois   ∞          Reflect  .   (no helmet)
rElec   +          Harm     .   (no cloak)
rCorr   .          Rampage  .   (no gloves)
Will    .....                   g - +0 pair of boots
Stlth   ..........              (no amulet)
HPRegen 0.11/turn               (no ring)
MPRegen 0.09/turn               (no ring)

@: no status effects
A: sickness immunity, AC +4, negative energy resistance 1, electricity
resistance, torment resistance 1, petrification resistance
a: no special abilities


You were on level 4 of the Dungeon.
You visited 1 branch of the dungeon, and saw 4 of its levels.

You collected 174 gold pieces.

Inventory:

Hand Weapons
 a - a +1 war axe (weapon)
 m - a +0 flail of draining
Armour
 c - a +0 buckler (worn)
 g - a +0 pair of boots (worn)
 n - a +1 chain mail of poison resistance (worn)
Jewellery
 l - a ring of protection from cold
Wands
 e - a wand of flame (14)
Scrolls
 b - a scroll of vulnerability {unknown}
 i - 2 scrolls of identify
 j - a scroll of fog {unknown}
 k - 2 scrolls of amnesia {unknown}
Potions
 d - 2 potions of might
 f - a potion of degeneration {unknown}
 h - a potion of cancellation
 o - a potion of invisibility {unknown}
 p - a potion of mutation {unknown}


   Skills:
 + Level 4.3 Fighting
 + Level 3.4 Axes
 + Level 4.3 Armour
 + Level 3.9 Shields


You had 4 spell levels left.
You didn't know any spells.
Your spell library contained the following spells:

 Spells                   Type           Power      Damage    Failure   Level
 Dazzling Flash           Conj/Hex       0%         N/A       100%        3
 Iskenderun's Mystic Bla  Conj/Tloc      0%         2d3       100%        4
 Starburst                Conj/Fire      0%         6d3       100%        6


Dungeon Overview and Level Annotations

Branches:
Dungeon (4/15)
 Temple: D:4-7

Altars:
The Shining One


Innate Abilities, Weirdness & Mutations

You are immune to sickness and miasma.
Your stone body is resilient. (AC +4)
You are immune to poison.
You resist negative energy. (rN+)
You are resistant to electric shocks. (rElec)
You are resistant to unholy torment.
You are immune to petrification.


Message History

The orc's wounds heal themselves!
The orc hits you with a +2 hand axe of flaming.
The orc burns you.
The orc priest looks satisfied for a moment.
You closely miss the orc. x2; You hit the hobgoblin but do no damage.
The hobgoblin closely misses you. The orc hits you with a +0 flail.
The orc hits you but does no damage.
Unknown command.
You closely miss the orc. You hit the hobgoblin.
You kill the hobgoblin!
You slash the orc!
You kill the orc!
The orc hits you with a +0 flail.
You closely miss the orc. You hit the orc priest. You hit the adder.
The adder bites you but does no damage. The orc hits you with a +0 flail.
The orc priest barely misses you.
The orc priest begins to cast a cantrip, but forgets the words!
The adder bites you but does no damage. The orc barely misses you.
The orc priest calls down the wrath of Beogh upon you.
Pain shoots through your body!
You hit the orc.
The orc is moderately wounded.
You closely miss the orc priest. You closely miss the adder.
The adder bites you but does no damage.
The orc priest calls upon Beogh to heal the orc.
The orc's wounds heal themselves!
The orc hits you with a +0 flail!
* * * LOW HITPOINT WARNING * * *
The orc priest hits you but does no damage.
The adder bites you but does no damage.
You closely miss the orc. You hit the orc priest. You barely miss the adder.
The orc priest looks braver for a moment.
The orc hits you with a +0 flail.
* * * LOW HITPOINT WARNING * * *
The adder bites you but does no damage.
The orc priest hits you but does no damage.
The orc barely misses you.
You hit the orc but do no damage. You hit the adder but do no damage.
You hit the orc priest but do no damage.
The adder bites you.
You die...

#.# #... .# #.# #### .#
#.# ##.# #.# ...# #.#
#..# #.# .######o.# #.#
......Soo# #.#
#####@#######.########
#.....................
....###.#######.########
.# #.# #.# #.# #.# ...
#.# ... ..# #... ### ###


You could see 2 orc priests, an adder and an orc.

Vanquished Creatures
  Terence (D:3)
  7 adders
  4 dart slugs
  2 worms (D:2)
  An orc (D:4)
  9 endoplasms
  3 giant cockroaches
  7 goblins
  9 hobgoblins
  3 quokkas
  7 ball pythons
  7 bats (D:2)
  7 kobolds
  10 rats
77 creatures vanquished.

Vanquished Creatures (others)
  3 demonic plants (D:1)
  2 fungi (D:1)
  2 plants (D:1)
7 creatures vanquished.

Grand Total: 84 creatures vanquished

Notes
Turn   | Place    | Note
-------+----------+-------------------------------------------
     0 | D:1      | bande the Gargoyle Fighter began the quest for the Orb.
     0 | D:1      | Reached XP level 1. HP: 14/14 MP: 1/1
    21 | D:1      | Found a faded altar of an unknown god.
    52 | D:1      | Reached XP level 2. HP: 4/19 MP: 2/2
   786 | D:1      | Reached XP level 3. HP: 23/23 MP: 3/3
  1575 | D:2      | Reached XP level 4. HP: 29/29 MP: 4/4
  1622 | D:2      | Found a glowing golden altar of the Shining One.
  2411 | D:3      | You fall into a shaft and drop 1 floor!
  2644 | D:3      | Reached XP level 5. HP: 33/33 MP: 5/5
  2881 | D:3      | Noticed Terence
  2887 | D:3      | Killed Terence
  3669 | D:4      | Slain by an adder

Illustrated notes

Levels and vault maps discovered:
D:1:      amcnicky_arrival_double_pillar, layout_basic,
          shapermc_ecumenical_altar_gd, feat_on_display
D:2:      layout_loops_corners, basic_altar, minmay_misc_feat_secret_circle
D:3:      minmay_evil_eye, layout_rooms, hangedman_decor_lopped, uniq_terence
D:4:      layout_loops_ring, kennysheep_mini_moat

Skill      XL: |  1  2  3  4 |
---------------+-------------+-----
Axes           | 2 3 |  3.4
Armour         | 4 |  4.3
Fighting       | 4 |  4.3
Shields        | |  3.9

Action                   |  1- 3 |  4- 6 || total
-------------------------+-------+-------++-------
Melee: War axe           |    93 |    97 ||   190
  Use: Scroll            |     3 |     2 ||     5
Armor: Scale mail        |    44 |    52 ||    96
       Chain mail        |       |    12 ||    12
Dodge: Dodged            |    44 |    50 ||    94
Block: Buckler           |    17 |    14 ||    31
